 Dungeon Crawl Stone Soup version 0.30-a0-49-g1cef19eb02 (webtiles) character file.

Game seed: 16860317668890551534

17650 drugrobin the Slicer (level 11, -1/89 (101) HPs)
             Began as a Demigod Delver on Sept 2, 2022.
             Killed from afar by Nergalle (22 damage)
             ... with a bolt of negative energy
             ... on level 2 of the Lair of Beasts.
             The game lasted 00:35:11 (16623 turns).

drugrobin the Slicer (Demigod Delver)              Turns: 16623, Time: 00:35:11

HP:   -1/89 (101)   AC: 27    Str: 17    XL:     11   Next: 94%
MP:   0/14          EV: 10    Int: 16    God:
Gold: 801           SH:  4    Dex: 19    Spells: 8/10 levels left

rFire   + . .      SeeInvis +    a - +2 short sword (freeze)
rCold   . . .      Faith    .    J - +0 buckler
rNeg    . . .      Spirit   +    U - +8 chain mail "Peogeevi" {Rampage +Blink rElec rF+}
rPois   .          Reflect  .    i - +0 helmet
rElec   +          Harm     .    T - +2 cloak {rCorr}
rCorr   +          Rampage  +    A - +0 pair of gloves
Will    +....                    k - +1 pair of boots
Stlth   ..........               j - amulet of guardian spirit
HPRegen 0.24/turn                h - ring of see invisible
MPRegen 0.14/turn                u - +4 ring of slaying

@: on blink cooldown, heavily drained
A: high MP 1, forlorn, divine attributes
a: Evoke Blink


You were on level 2 of the Lair of Beasts.
You visited 3 branches of the dungeon, and saw 14 of its levels.

You collected 801 gold pieces.

Inventory:

Hand Weapons
 a - a +2 short sword of freezing (weapon)
 b - a +1 short sword of draining
 c - a +5 dagger of chaos
 y - a +2 long sword of freezing
Missiles
 o - a curare-tipped dart
 w - 5 silver javelins (quivered)
 M - 6 poisoned darts
Armour
 i - a +0 helmet (worn)
 k - a +1 pair of boots (worn)
 A - a +0 pair of gloves (worn)
 J - a +0 buckler (worn)
 T - a +2 cloak of preservation (worn)
 U - the +8 chain mail "Peogeevi" (worn) {Rampage +Blink rElec rF+}
   (You found it on level 9 of the Dungeon)

   rF:        It protects you from fire.
   rElec:     It insulates you from electricity.
   +Blink:    It lets you blink.
   Rampage:   It bestows one free step when moving towards enemies.
Jewellery
 h - a ring of see invisible (left hand)
 j - an amulet of guardian spirit (around neck)
 u - a +4 ring of slaying (right hand)
 F - a ring of ice
 I - a ring of protection from cold
Wands
 e - a wand of roots (1)
 g - a wand of digging (2)
 C - a wand of light (3)
 G - a wand of flame (19)
 S - a wand of polymorph (4)
 W - a wand of mindburst (4)
Scrolls
 d - 5 scrolls of magic mapping
 q - a scroll of summoning {unknown}
 r - 2 scrolls of blinking
 v - a scroll of fear
 H - 4 scrolls of amnesia {unknown}
 K - a scroll of poison
 L - a scroll of butterflies
 N - a scroll of immolation
 O - 5 scrolls of teleportation {unknown}
 R - a scroll of fog
Potions
 f - 2 potions of haste
 l - 7 potions of heal wounds
 m - 3 potions of lignification {unknown}
 n - a potion of invisibility {unknown}
 p - 6 potions of curing
 s - 2 potions of might {unknown}
 z - 3 potions of mutation {unknown}
 D - a potion of ambrosia {unknown}
 E - 2 potions of attraction
 V - a potion of flight {unknown}
Miscellaneous
 P - a phial of floods


   Skills:
 + Level 10.6 Fighting
 - Level 12.0 Short Blades
 + Level 7.4 Armour
 - Level 7.1 Dodging
 - Level 4.5 Stealth


You had 8 spell levels left.
You knew the following spells:

 Your Spells              Type           Power      Damage    Failure   Level
a - Poisonous Vapours     Pois/Air       0%         N/A       99%         2

Your spell library contained the following spells:

 Spells                   Type           Power      Damage    Failure   Level
 Ignite Poison            Fire/Tmut/Pois 0%         N/A       100%        3
 Mephitic Cloud           Conj/Pois/Air  0%         N/A       100%        3
 Animate Armour           Summ/Erth      0%         N/A       100%        4
 Corpse Rot               Necr/Pois/Air  0%         N/A       100%        4
 Hailstorm                Conj/Ice       0%         3d3       100%        4
 Ice Form                 Ice/Tmut       0%         N/A       100%        4
 Blade Hands              Tmut           0%         N/A       100%        5
 Freezing Cloud           Conj/Ice/Air   0%         6-21      100%        5
 Summon Forest            Summ/Tloc      0%         N/A       100%        5
 Summon Mana Viper        Hex/Summ       0%         N/A       100%        5
 Iron Shot                Conj/Erth      0%         9d1       100%        6
 Simulacrum               Ice/Necr       0%         N/A       100%        6
 Summon Cactus Giant      Summ           0%         N/A       100%        6


Dungeon Overview and Level Annotations

Branches:
Dungeon (11/15)            Temple (1/1) D:6            Lair (2/5) D:11
  Swamp: Lair:2-3    Shoals: Lair:2-3     Snake: Lair:2-3    Spider: Lair:2-3
    Orc: D:9-12

Shops:
D:6 [

Annotations:
Lair:2 exclusion: oklob plant, Nergalle


Innate Abilities, Weirdness & Mutations

You have an increased reservoir of magic. (+10% MP)
You shall have no god before yourself.
Your divine heritage dramatically boosts your attributes as you level up.


Message History

You feel extremely sick.
The spectral orc hits you but does no damage.
The spectral orc knight hits you but does no damage.
You block Nergalle's attack.
Unknown command.
Unknown command.
Aiming: Bolt of Light
Press: ? - help, Shift-Dir - straight line The bolt of light hits Nergalle!
Nergalle is heavily wounded.
Nergalle is blinded.
* * * LOW HITPOINT WARNING * * *
You feel extremely sick. You block the spectral orc's attack.
The spectral orc knight closely misses you.
You block Nergalle's attack.
Unknown command.
Unknown command.
Unknown command.
Unknown command.
You blink.
Found 6 stones.
* * * LOW HITPOINT WARNING * * *
You feel very sick.
Unknown command.
Unknown command.
It was a potion of curing.
You feel better.
Unknown command.
Unknown command.
Aiming: Bolt of Light
Press: ? - help, Shift-Dir - straight line, f - Nergalle
Aim: Nergalle, wielding a +4 dagger of venom and wearing a +0 robe (heavily wounded, blind, 68% to hit)
The bolt of light hits the spectral orc knight.
The spectral orc knight is lightly damaged.
The spectral orc knight is blinded.
The bolt of light hits Nergalle.
Nergalle is heavily wounded.
Nergalle gestures at you while chanting.
The bolt of negative energy hits the spectral orc knight.
The spectral orc knight completely resists.
The bolt of negative energy hits you!!
You feel drained.
You die...

...........#................
#.......##................
#.......P#...............
#.......##............... .
#.......##............ ..
#.##.##.##........
...#.###.#..#........
..............>......
...........ZZ@...(...
.....................
.........o...........
.....................
.......?.............
....P#.###......####+
....### #...<>## ....
#...... ... ....#


You could see Nergalle (blind), a spectral orc (summoned) and a spectral orc
knight (summoned, wandering, blind).

Vanquished Creatures
  A hydra (Lair:2)
  2 two-headed ogres
  A centaur warrior (D:11)
  2 cyclopes (D:11)
  Maurice (D:9)
  Maggie (D:7)
  A gargoyle (D:10)
  3 komodo dragons
  A troll (D:10)
  A hornet (D:9)
  5 blink frogs (Lair:1)
  4 shadows
  2 wyverns
  2 vampires
  18 yaks
  4 basilisks
  5 steam dragons
  A floating eye (D:9)
  3 water moccasins
  3 sky beasts
  3 ice beasts
  7 orc warriors
  3 black bears
  3 ogres
  3 centaurs
  10 wolves (Lair:1)
  Blork the orc (D:6)
  15 bullfrogs
  A gnoll sergeant (D:7)
  2 kobold brigands
  3 scorpions
  10 wights
  5 killer bees
  3 electric eels
  6 howler monkeys
  A hound (D:6)
  6 jellies
  8 orc priests
  A gnoll bouda (D:10)
  Crazy Yiuf (D:6)
  Ijyb (D:3)
  3 iguanas
  An orc wizard (D:4)
  9 gnolls
  8 adders
  4 shadow imps (D:7)
  A white imp (D:5)
  2 dart slugs (D:1)
  29 orcs
  6 endoplasms
  5 giant cockroaches
  11 goblins
  8 hobgoblins
  7 jackals
  14 kobolds
  2 quokkas
  5 ball pythons
  3 bats
  5 frilled lizards
  2 rats (D:2)
279 creatures vanquished.

Vanquished Creatures (others)
  3 fungi
  27 plants
30 creatures vanquished.

Grand Total: 309 creatures vanquished

Notes
Turn   | Place    | Note
-------+----------+-------------------------------------------
     0 | D:5      | drugrobin the Demigod Delver began the quest for the Orb.
     0 | D:5      | Reached XP level 1. HP: 18/18 MP: 3/3
     1 | D:5      | Noticed a bullfrog
    21 | D:5      | Noticed an orc priest
    37 | D:5      | Noticed an iguana
   135 | D:4      | Noticed a jelly
   196 | D:4      | Noticed a jelly
   243 | D:4      | Noticed a jelly
   268 | D:4      | Noticed a scorpion
   342 | D:3      | Reached skill level 2 in Short Blades
   450 | D:3      | Noticed Ijyb
   550 | D:2      | Reached XP level 2. HP: 22/25 MP: 4/4
   718 | D:1      | Reached skill level 3 in Short Blades
  1025 | D:1      | Reached XP level 3. HP: 30/30 MP: 5/5
  1895 | D:2      | Reached skill level 4 in Short Blades
  2230 | D:2      | Reached XP level 4. HP: 32/37 MP: 4/6
  2617 | D:3      | Killed Ijyb
  2907 | D:3      | Learned a level 2 spell: Poisonous Vapours
  3020 | D:3      | Reached skill level 5 in Short Blades
  3020 | D:3      | Reached XP level 5. HP: 31/42 MP: 7/7
  3097 | D:3      | You fall into a shaft and drop 2 floors!
  3377 | D:4      | Reached skill level 6 in Short Blades
  3377 | D:4      | Reached XP level 6. HP: 39/50 MP: 5/8
  4053 | D:4      | Reached skill level 7 in Short Blades
  4178 | D:5      | Reached XP level 7. HP: 55/56 MP: 7/9
  4466 | D:5      | Reached skill level 8 in Short Blades
  5072 | D:6      | Reached skill level 9 in Short Blades
  5093 | D:6      | Reached XP level 8. HP: 56/62 MP: 8/10
  5277 | D:6      | Found Cempomot's Antique Armour Emporium.
  5285 | D:6      | Noticed Blork the orc
  5351 | D:6      | Killed Blork the orc
  5352 | D:6      | Reached skill level 10 in Short Blades
  5487 | D:6      | Found a staircase to the Ecumenical Temple.
  5520 | Temple   | Entered the Ecumenical Temple
  5611 | D:6      | Found a runed translucent door.
  5612 | D:6      | Noticed Crazy Yiuf
  6096 | D:6      | Killed Crazy Yiuf
  6169 | D:6      | Reached skill level 11 in Short Blades
  6267 | D:7      | Noticed Maggie
  6292 | D:7      | Killed Maggie
  6293 | D:7      | Reached XP level 9. HP: 24/68 MP: 2/11
  6601 | D:7      | Reached skill level 12 in Short Blades
  7472 | D:7      | Reached skill level 5 in Fighting
  8067 | D:7      | Reached skill level 5 in Dodging
  8514 | D:8      | Reached XP level 10. HP: 80/81 MP: 13/13
  8939 | D:8      | Noticed a two-headed ogre
  8949 | D:8      | Killed a two-headed ogre
  9395 | D:9      | Noticed Maurice
  9424 | D:9      | Killed Maurice
 10072 | D:9      | Identified the +8 chain mail "Peogeevi" {Rampage +Blink
                  | rElec rF+}
 10269 | D:9      | Noticed a two-headed ogre
 10275 | D:9      | a two-headed ogre changed into a floating eye
 10939 | D:9      | Reached skill level 1 in Armour
 11429 | D:10     | Entered Level 10 of the Dungeon
 11900 | D:10     | Reached XP level 11. HP: 88/94 MP: 14/14
 12086 | D:10     | Identified the +3 trident of Distant Worlds {drain, Fragile
                  | Str+9}
 12492 | D:10     | Noticed a two-headed ogre
 12505 | D:10     | Killed a two-headed ogre
 13201 | D:11     | Noticed a centaur warrior
 13218 | D:11     | Killed a centaur warrior
 13219 | D:11     | Reached skill level 5 in Armour
 13683 | D:11     | Found a staircase to the Lair.
 14701 | Lair:1   | Entered Level 1 of the Lair of Beasts
 14917 | Lair:1   | Reached skill level 10 in Fighting
 15483 | Lair:1   | Identified the +7 rapier of Yredelemnul, Hugging
                  | {antimagic, rPois rC+}
 16292 | Lair:2   | Noticed a five-headed hydra
 16309 | Lair:2   | Killed a five-headed hydra
 16599 | Lair:2   | Noticed Nergalle
 16623 | Lair:2   | Killed from afar by Nergalle

Illustrated notes

Levels and vault maps discovered:
D:1:      wheals_arrival_linesprint, layout_basic, hangedman_feature_mirror
D:2:      layout_loops_cross, hellmonk_ecumenical_altar_arch_garden
D:3:      layout_rooms, uniq_ijyb
D:4:      wad_pebble_path, layout_loops_ring
D:5:      layout_rooms, bloody_makhleb, nicolae_ru_the_path_less_chosen,
          nicolae_overflow_two_pavilions, st_stairs_8, grunt_ministairs_13
D:6:      layout_loops_ring, kennysheep_okawaru_gauntlet,
          nicolae_hepliaklqana_hazy_memory, nicolae_kikubaaqudgha_miasma_corner,
          minmay_temple_entry_large_hall, serial_shops, kennysheep_mini_moat,
          uniq_crazy_yiuf_cottage, uniq_blork_the_orc
D:7:      layout_basic, mainiacjoe_overflow_surrounded_room,
          columned_hall_lemuel, kennysheep_cross_room, nzn_random_ring,
          uniq_maggie
D:8:      layout_loops_ring
D:9:      layout_grid_maze, mainiacjoe_overflow_catwalk_spiral,
          minmay_misc_feat_alley, uniq_maurice
D:10:     layout_gridville, mainiacjoe_overflow_24_doors, minmay_quadrilaterals
D:11:     layout_basic, erik_lair_dragon
Temple:   jpeg_temple_clearing
Lair:1:   layout_gridlike, lemuel_fruit_tree
Lair:2:   layout_regular_city, minmay_lair_oklob_bushes, uniq_nergalle

Skill      XL: |  1  2  3  4  5  6  7  8  9 10 11 |
---------------+----------------------------------+-----
Short Blades   | 2 3 4 5 6 7 9 11 12 | 12.0
Dodging        | 5 7 |  7.1
Fighting       | 5 8 10 | 10.6
Armour         | 3 7 |  7.4
Stealth        | |  4.5

Action                   |  1- 3 |  4- 6 |  7- 9 | 10-12 || total
-------------------------+-------+-------+-------+-------++-------
Melee: Short sword       |    97 |   123 |   414 |   732 ||  1366
       Rapier            |     9 |       |       |       ||     9
       Punch             |     1 |     2 |     1 |       ||     4
       Dagger            |       |       |     4 |     5 ||     9
 Fire: Arbalest          |    46 |     7 |       |       ||    53
Throw: Stone             |       |     3 |     3 |       ||     6
       Dart              |       |       |     1 |     5 ||     6
       Javelin           |       |       |       |     6 ||     6
 Cast: Poisonous Vapours |       |       |     8 |       ||     8
 Abil: Evoke Blink       |       |       |       |     1 ||     1
Evoke: Wand              |       |     2 |     4 |    14 ||    20
  Use: Scroll            |     3 |       |     2 |     7 ||    12
       Potion            |       |     4 |       |     1 ||     5
 Stab: Sleeping          |     2 |     2 |     5 |     1 ||    10
       Invisible         |       |     1 |     2 |     2 ||     5
Armor: Leather armour    |    35 |    16 |       |       ||    51
       Ring mail         |       |    20 |   109 |    26 ||   155
       Chain mail        |       |       |       |   243 ||   243
Dodge: Dodged            |    64 |    58 |   124 |   238 ||   484
Block: Buckler           |       |       |    40 |    72 ||   112

Table legend: (Time is in decaauts)
 A = Elapsed time spent in this place.
 B = Non-inter-level travel time spent in this place.
 C = Inter-level travel time spent in this place.
 D = Time resting spent in this place.
 E = Time spent auto-exploring this place.
 F = Levels seen in this place.
 G = Mean time per level.
                   A        B        C        D        E       F      G
               +--------+--------+--------+--------+--------+-----+--------+
         Total |  16159 |  15290 |    869 |   1842 |  10317 |  14 | 1154.2 |
       Dungeon |  14539 |  13759 |    780 |   1671 |   9347 |  11 | 1321.7 |
        Temple |     49 |     49 |      0 |     43 |      0 |   1 |   49.0 |
          Lair |   1570 |   1481 |     89 |    128 |    970 |   2 |  785.0 |
               +--------+--------+--------+--------+--------+-----+--------+

Top non-repeatable levels by time:
     D:7: 1925 daAuts
    D:11: 1875 daAuts
     D:9: 1710 daAuts
    D:10: 1480 daAuts
     D:6: 1338 daAuts
     D:8: 1292 daAuts
  Lair:1: 1213 daAuts
     D:4: 1158 daAuts
     D:2: 1070 daAuts
     D:5: 902 daAuts
     D:1: 897 daAuts
     D:3: 887 daAuts
  Lair:2: 356 daAuts
  Temple: 49 daAuts
